 Dungeon Crawl Stone Soup version 0.31-a0-164-g2312942fda (webtiles) character file.

Game seed: 4552951076113313455

223 qw the Shooter (level 6, 0/56 HPs)
             Began as a Naga Hunter on June 13, 2023.
             Slain by an adder (1 damage)
             ... on level 4 of the Dungeon.
             The game lasted 00:00:50 (2067 turns).

qw the Shooter (Naga Hunter)                        Turns: 2067, Time: 00:00:51

Health: 0/56       AC:  4    Str: 13    XL:     6   Next: 0%
Magic:  6/6        EV:  9    Int:  9    God:
Gold:   133        SH:  0    Dex: 17    Spells: 5/5 levels left

rFire   . . .        Y - +0 shortbow
rCold   . . .        (shield currently unavailable)
rNeg    . . .        c - +0 leather armour
rPois   +            (no helmet)
rElec   .            f - +0 cloak
rCorr   .            (no gloves)
SInv    +            (no barding)
Will    .....        (no amulet)
Stlth   ++           (no ring)
HPRegen 0.29/turn    (no ring)
MPRegen 0.10/turn

%: no passive effects
@: lethally poisoned (0 -> -2), short of breath, very slow
A: AC +2, large, see invisible, deformed body, poison resistance, slowness 2,
spit poison 1, naga tail 1
a: Spit Poison


You were on level 4 of the Dungeon.
You visited 1 branch of the dungeon, and saw 4 of its levels.

You collected 133 gold pieces.


Innate Abilities, Weirdness & Mutations

Your serpentine skin is tough. (AC +2)
You have supernaturally acute eyesight. (SInv)
Armour fits poorly on your strangely shaped body.
Your system is resistant to poisons. (rPois)
You cover ground very slowly.
You can spit poison.
You have a snake-like lower body.


   Skills:
 + Level 3.0 Fighting
 - Level 6.0 Ranged Weapons
 - Level 1.5 Dodging
 - Level 1.5 Stealth


You had 5 spell levels left.
You didn't know any spells.
Your spell library was empty.

Inventory:

Hand Weapons
 Y - a +0 shortbow (weapon)
Armour
 c - a +0 leather armour (worn)
 f - a +0 cloak (worn)
 g - the -1 pair of gloves "Fixayh" {Will- Int+8 SInv Stlth+}
   (You found it on level 2 of the Dungeon)

   Int:       It affects your intelligence (+8).
   SInv:      It lets you see invisible.
   Will:      It decreases your willpower.
   Stlth:     It makes you more stealthy.
Jewellery
 i - a ring of fire
Scrolls
 e - 2 scrolls of identify
Potions
 a - a potion of mutation
 b - a potion of ambrosia {unknown}
 d - a potion of degeneration {unknown}
 h - a potion of curing {unknown}
 j - a potion of haste {unknown}

Dungeon Overview and Level Annotations

Branches:
Dungeon (4/15)
 Temple: D:4-7

Altars:
Ashenzari
Gozag
Hepliaklqana


Message History

The adder poisons you! The bullfrog hits you.
2060 ||| INVOKING Spit Poison.
Aiming: Spit Poison (1% risk of failure)
Press: ? - help, Shift-Dir - straight line, f/p - bullfrog The splash of poison hits the bullfrog!
You kill the bullfrog!
You feel very sick. The adder bites you but does no damage.
Your Ranged Weapons skill increases to level 6!
You have reached level 6!
Your skin feels tougher.
You shoot an arrow.
The arrow hits the adder but does no damage.
You feel sick. The adder bites you but does no damage.
You shoot an arrow. The arrow barely misses the adder.
The arrow hits the hobgoblin but does no damage.
You feel very sick. The adder bites you.
The adder bites you but does no damage.
You shoot an arrow. The arrow hits the adder.
The adder is lightly wounded.
You feel sick. The adder bites you.
You are more poisoned.
The adder poisons you!
You shoot an arrow. The arrow closely misses the adder.
The arrow hits the hobgoblin.
The hobgoblin is severely wounded.
You have got your breath back.
You feel very sick.
The adder bites you but does no damage. x2; The hobgoblin hits you.
2065 ||| INVOKING Spit Poison.
Aiming: Spit Poison (1% risk of failure)
Press: ? - help, Shift-Dir - straight line, f - hobgoblin, p - adder The splash of poison misses the hobgoblin.
You feel sick. The adder bites you. The hobgoblin barely misses you.
You shoot an arrow.
The arrow completely misses the hobgoblin.
You feel sick. The adder bites you. The hobgoblin closely misses you.
You shoot an arrow. The arrow hits the hobgoblin!
You kill the hobgoblin!
You feel sick. The adder bites you.
You die...

#..~~~~~.#....# ######.
#..~~~..#....# .......
#.......###### .......
###..#.## # .......
#......# # .......
#......# # .......
#......######
......$#####......#.....
....>.S@...'......'.....
......=###.#.....)#.....
....... #.#......#.....
....... #.#......######
.....$. #.#............
....... #.#............
####### #.#............
#.#######...... ..###
#......


You could see an adder.

Vanquished Creatures
  A bullfrog (D:4)
  A jelly (D:4)
  6 adders
  A white imp (D:3)
  A worm (D:3)
  A dart slug (D:2)
  6 orcs
  4 endoplasms
  2 giant cockroaches
  7 hobgoblins
  4 quokkas
  3 ball pythons
  7 bats
  5 frilled lizards
  6 goblins
  5 kobolds
  4 rats
64 creatures vanquished.

Notes
Turn   | Place    | Note
-------+----------+-------------------------------------------
     0 | D:1      | qw the Naga Hunter began the quest for the Orb.
     0 | D:1      | Reached XP level 1. HP: 19/19 MP: 1/1
     0 | D:1      | 0 ||| qw: Version: 0.2-a-29-gc1b59c4
     0 | D:1      | 0 ||| qw: Game counter: 4490
     0 | D:1      | 0 ||| qw: Always use a shield: true
     0 | D:1      | 0 ||| qw: God list: Okawaru
     0 | D:1      | 0 ||| qw: Allow faded altars: false
     0 | D:1      | 0 ||| qw: Do Orc after D:15 true
     0 | D:1      | 0 ||| qw: Do second Lair branch before Depths: true
     0 | D:1      | 0 ||| qw: Lair rune preference: random
     0 | D:1      | 0 ||| qw: Plans: Normal
     0 | D:1      | 0 ||| PLANNING D:1-11
    46 | D:1      | 46 ||| INVOKING Spit Poison.
    80 | D:1      | 80 ||| INVOKING Spit Poison.
    85 | D:1      | 85 ||| INVOKING Spit Poison.
   147 | D:1      | 147 ||| INVOKING Spit Poison.
   237 | D:1      | 237 ||| INVOKING Spit Poison.
   238 | D:1      | Reached skill level 4 in Ranged Weapons
   238 | D:1      | Reached XP level 2. HP: 26/26 MP: 2/2
   297 | D:1      | 297 ||| INVOKING Spit Poison.
   328 | D:1      | 328 ||| INVOKING Spit Poison.
   332 | D:1      | 332 ||| INVOKING Spit Poison.
   506 | D:1      | 506 ||| INVOKING Spit Poison.
   523 | D:1      | 523 ||| READING scroll labelled JEZUBL RASIRCH.
   524 | D:1      | 524 ||| DROPPING scroll of butterflies.
   554 | D:2      | 554 ||| INVOKING Spit Poison.
   557 | D:2      | 557 ||| INVOKING Spit Poison.
   558 | D:2      | 558 ||| STAIRDANCE
   560 | D:1      | 560 ||| INVOKING Spit Poison.
   561 | D:1      | Reached XP level 3. HP: 25/32 MP: 3/3
   605 | D:2      | 605 ||| INVOKING Spit Poison.
   612 | D:2      | 612 ||| INVOKING Spit Poison.
   618 | D:2      | 618 ||| INVOKING Spit Poison.
   632 | D:2      | 632 ||| INVOKING Spit Poison.
   694 | D:2      | 694 ||| INVOKING Spit Poison.
   780 | D:2      | 780 ||| INVOKING Spit Poison.
   794 | D:2      | 794 ||| INVOKING Spit Poison.
   804 | D:2      | 804 ||| INVOKING Spit Poison.
   829 | D:2      | Found an opulent altar of Gozag.
   856 | D:2      | 856 ||| INVOKING Spit Poison.
   880 | D:2      | 880 ||| INVOKING Spit Poison.
   893 | D:2      | Reached skill level 5 in Ranged Weapons
   921 | D:2      | 921 ||| INVOKING Spit Poison.
   924 | D:2      | Reached XP level 4. HP: 39/39 MP: 4/4
   975 | D:2      | Identified the -1 pair of gloves "Fixayh" {Will- Int+8 SInv
                  | Stlth+}
  1046 | D:2      | 1046 ||| INVOKING Spit Poison.
  1047 | D:2      | 1047 ||| UPGRADING to +0 cloak.
  1052 | D:2      | 1052 ||| READING 2 scrolls labelled QEHAUN IRCHAAH.
  1055 | D:2      | 1055 ||| READING scroll labelled FOOQEC CODAM.
  1068 | D:3      | 1068 ||| INVOKING Spit Poison.
  1070 | D:3      | 1070 ||| STAIRDANCE
  1072 | D:2      | 1072 ||| INVOKING Spit Poison.
  1077 | D:2      | HP: 5/40 [shadow imp/nerve-wracking pain (13)]
  1078 | D:2      | 1078 ||| READING scroll of teleportation.
  1079 | D:2      | HP: 1/40 [shadow imp (3)]
  1257 | D:3      | 1257 ||| INVOKING Spit Poison.
  1262 | D:3      | 1262 ||| INVOKING Spit Poison.
  1268 | D:3      | 1268 ||| INVOKING Spit Poison.
  1284 | D:3      | 1284 ||| INVOKING Spit Poison.
  1289 | D:3      | 1289 ||| INVOKING Spit Poison.
  1317 | D:3      | 1317 ||| INVOKING Spit Poison.
  1322 | D:3      | 1322 ||| INVOKING Spit Poison.
  1326 | D:3      | 1326 ||| INVOKING Spit Poison.
  1332 | D:3      | 1332 ||| INVOKING Spit Poison.
  1333 | D:3      | 1333 ||| INVOKING Spit Poison.
  1389 | D:3      | 1389 ||| INVOKING Spit Poison.
  1394 | D:3      | 1394 ||| INVOKING Spit Poison.
  1395 | D:3      | 1395 ||| INVOKING Spit Poison.
  1396 | D:3      | 1396 ||| INVOKING Spit Poison.
  1462 | D:3      | 1462 ||| INVOKING Spit Poison.
  1463 | D:3      | Reached skill level 3 in Fighting
  1463 | D:3      | Found a faded altar of an unknown god.
  1515 | D:3      | 1515 ||| INVOKING Spit Poison.
  1639 | D:3      | 1639 ||| INVOKING Spit Poison.
  1656 | D:3      | 1656 ||| INVOKING Spit Poison.
  1707 | D:3      | 1707 ||| INVOKING Spit Poison.
  1708 | D:3      | Reached XP level 5. HP: 49/49 MP: 5/5
  1769 | D:3      | 1769 ||| READING 3 scrolls labelled UJARI MUIKLONAZAYF.
  1770 | D:3      | 1770 ||| READING scroll labelled PIXARA QAESCH.
  1771 | D:3      | 1771 ||| READING scroll labelled POW KEDOMELA.
  1772 | D:3      | 1772 ||| READING 2 scrolls of identify.
  1772 | D:3      | 1772 ||| IDENTIFYING viscous green potion
  1796 | D:4      | 1796 ||| INVOKING Spit Poison.
  1874 | D:4      | 1874 ||| INVOKING Spit Poison.
  1927 | D:4      | 1927 ||| INVOKING Spit Poison.
  1957 | D:4      | Found a hazy altar of Hepliaklqana.
  1987 | D:4      | Identified the +1 chain mail of Enocvule {rC+ SInv}
  2001 | D:4      | Found a broken altar of Ashenzari.
  2054 | D:4      | 2054 ||| INVOKING Spit Poison.
  2060 | D:4      | 2060 ||| INVOKING Spit Poison.
  2061 | D:4      | Reached skill level 6 in Ranged Weapons
  2061 | D:4      | Reached XP level 6. HP: 22/56 MP: 6/6
  2062 | D:4      | HP: 14/56 [adder (3)]
  2064 | D:4      | HP: 6/56 [hobgoblin (3)]
  2065 | D:4      | 2065 ||| INVOKING Spit Poison.
  2066 | D:4      | HP: 2/56 [poisoned by an adder]
  2067 | D:4      | Slain by an adder

Levels and vault maps discovered:
D:1:      minmay_arrival_nine_rooms, layout_basic
D:2:      layout_basic, basic_altar
D:3:      layout_rooms, hellmonk_ecumenical_altar_arch_garden,
          grunt_ministairs_10, dreamdust_princess_bridge, minmay_surrounded
D:4:      layout_basic, mainiacjoe_overflow_catwalk, kennysheep_mini_moat,
          amethyst_killhole

Skill      XL: |  1  2  3  4  5 |
---------------+----------------+-----
Ranged Weapons | 4 5 6 |  6.0
Fighting       | 3 |  3.0
Dodging        | |  1.5
Stealth        | |  1.5

Action                     |  1- 3 |  4- 6 || total
---------------------------+-------+-------++-------
   Fire: Shortbow          |    38 |    79 ||   117
Ability: Spit Poison       |    23 |    25 ||    48
    Use: Scroll            |     1 |     7 ||     8
 Armour: Leather armour    |     4 |    18 ||    22
  Dodge: Dodged            |     6 |    17 ||    23

Table legend:
 A = Non-vault XP
 B = Vault XP
 C = Vault XP percentage of total XP
 D = Non-vault monster count
 E = Vault monster count
 F = Vault count percentage of total count
                 A         B        C        D         E       F
            +---------+---------+-------+---------+---------+-------
      Total |     294 |      27 |   8.4 |      56 |       8 |  12.5
            +---------+---------+-------+---------+---------+-------
        D:1 |      34 |       0 |   0.0 |      14 |       0 |   0.0
        D:2 |      51 |      13 |  20.3 |      17 |       1 |   5.6
        D:3 |      61 |      14 |  18.7 |      15 |       7 |  31.8
        D:4 |     148 |       0 |   0.0 |      10 |       0 |   0.0
            +---------+---------+-------+---------+---------+-------
